 Dungeon Crawl Stone Soup version 0.22.0-40-g68aacdc (webtiles) character file.

3605 therodimus the Fighter (level 10, 0/111 HPs)
             Began as an Ogre Arcane Marksman on Sept 1, 2018.
             Was a Believer of Okawaru.
             Slain by a killer bee (5 damage)
             ... on level 9 of the Dungeon.
             The game lasted 00:35:32 (13066 turns).

therodimus the Fighter (Ogre Arcane Marksman)      Turns: 13066, Time: 00:35:33

Health: 0/111      AC:  4    Str: 16    XL:     10   Next: 10%
Magic:  15/15      EV: 11    Int: 14    God:    Okawaru [**....]
Gold:   210        SH:  0    Dex: 12    Spells: 12/15 levels left

rFire    . . .     SeeInvis .   o - +4 great mace (holy)
rCold    . . .     Gourm    .   (shield currently unavailable)
rNeg     . . .     Faith    +   a - +1 robe
rPois    +         Spirit   .   (helmet restricted)
rElec    .         Reflect  .   p - scarf {repulsion}
rCorr    .         Harm     .   (gloves unavailable)
MR       ++...                  (boots unavailable)
Stlth    +.........             k - amulet of faith
HPRegen  0.28/turn              (no ring)
MPRegen  0.14/turn              g - ring of protection from magic

@: lethally poisoned (0 -> -13), very slightly contaminated, hasted, drained,
invisible, repel missiles, very quick
A: large, unfitting armour, poison resistance, tough skin 1, wild magic 1
a: Heroism, Renounce Religion


You were on level 9 of the Dungeon.
You worshipped Okawaru.
Okawaru was pleased with you.
You were full.

You visited 2 branches of the dungeon, and saw 10 of its levels.

You collected 441 gold pieces.
You spent 231 gold pieces at shops.

Inventory:

Hand Weapons
 e - a +1 whip of draining
 m - a +0 dagger of electrocution
 o - a +4 great mace of holy wrath (weapon)
 A - the +0 hunting sling "Pendulum" {speed, rF+ rC+}
   (You found it on level 5 of the Dungeon)

   Attacks with this weapon are significantly faster.
   It protects you from fire.
   It protects you from cold.
 F - a +2 flail of flaming
 P - a +2 vampiric whip
Missiles
 l - 12 tomahawks (quivered)
Armour
 a - a +1 robe (worn)
 i - a cursed +0 large shield
 p - a scarf of repulsion (worn)
Jewellery
 g - a ring of protection from magic (right hand)
 k - an amulet of faith (around neck)
 w - an uncursed ring of fire
 C - an uncursed ring of fire
Wands
 d - a wand of iceblast (11)
 r - a wand of digging (13)
 s - a wand of flame (28)
 u - a wand of enslavement (23)
Scrolls
 j - 4 scrolls of remove curse
 n - 3 scrolls of teleportation
 x - a scroll of random uselessness
 y - 3 scrolls of fog
 z - 3 scrolls of identify
 D - 2 scrolls of blinking
 M - a scroll of enchant armour
 N - 2 scrolls of magic mapping
Potions
 q - a potion of flight
 t - a potion of agility
 B - 2 potions of invisibility
 E - 2 potions of might
 K - a potion of brilliance
Comestibles
 f - 18 rations


   Skills:
 + Level 10.6(9.6) Fighting
 * Level 7.6(6.7) Maces & Flails
 - Level 4.6(3.8) Throwing
 + Level 5.2(4.3) Dodging
 + Level 3.3(2.5) Spellcasting
 - Level 3.4(2.6) Hexes


You had 12 spell levels left.
You knew the following spells:

 Your Spells              Type           Power        Failure   Level  Hunger
a - Corona                Hex            ##.....      12%         1    #......
b - Slow                  Hex            ##......     17%         2    ###....

Your spell library contained the following spells:

 Spells                   Type           Power        Failure   Level  Hunger
 Inner Flame              Hex/Fire       #.......     45%         3    ###....
 Portal Projectile        Hex/Tloc       #.....       45%         3    ###....
 Cause Fear               Hex            ##........   67%         4    #####..
 Leda's Liquefaction      Hex/Erth       #.........   85%         4    #####..


Dungeon Overview and Level Annotations

Branches:
Dungeon (9/15)             Temple (1/1) D:7
   Lair: D:8-11         Orc: D:9-12

Altars:
Ashenzari
Cheibriados
Dithmenos
Elyvilon
Fedhas
Gozag
Hepliaklqana
Kikubaaqudgha
Makhleb
Nemelex Xobeh
Okawaru
Qazlal
Ru
Sif Muna
Trog
Uskayaw
Vehumet
Wu Jian
Xom
Yredelemnul
Zin
The Shining One

Shops:
D:5 [   D:6 :?=!

Annotations:
D:6 2 transporters, HallandMoats's ghost, novice MiFi
D:8 1 runed door, Steeltoe's ghost, novice HOFi


Innate Abilities, Weirdness & Mutations

You are too large for most types of armour.
You have tough skin. (AC +1)
Your system is resistant to poisons. (rPois)
Your spells are a little harder to cast, but a little more powerful.


Message History

The tomahawk barely misses the killer bee.
You feel sick. The killer bee barely misses you.
The killer bee closely misses you. x2; The killer bee stings you.
* * * LOW HITPOINT WARNING * * *
The killer bee closely misses you. The killer bee stings you.
* * * LOW HITPOINT WARNING * * *
You fade into invisibility!
The killer bee misses you. x2; The killer bee stings you!
* * * LOW HITPOINT WARNING * * *
You are more poisoned.
The killer bee poisons you! The killer bee stings you!
* * * LOW HITPOINT WARNING * * *
You are more poisoned.
The killer bee poisons you! The killer bee closely misses you.
The killer bee barely misses you.
You are very lightly contaminated with residual magic.
You feel yourself speed up.
* * * LOW HITPOINT WARNING * * *
You feel sick.
The killer bee misses you. x2; The killer bee stings you.
You die...

#.# #.#รท..#
#.######.'...#
#........######
#.............#
#..##.........#
#.......##....+
#.............#
#....y........#
#..y@y(########...#
#..###(# y........#
#..# #.# ........#
#..# #.# .......#
#..###.# ......#
#......+ .....#
#......# #...#
#.....########...#
#...))#..........#


You could see 3 killer bees.

Vanquished Creatures
  A troll (D:9)
  A hippogriff (D:8)
  Sigmund (D:2)
  A water moccasin (D:6)
  2 ice beasts
  An orc warrior (D:7)
  A phantom (D:8)
  2 ogres (D:5)
  2 centaurs (D:5)
  A big kobold (D:9)
  3 bullfrogs
  A scorpion (D:6)
  6 killer bees
  13 wights
  3 howler monkeys
  A crimson imp (D:5)
  A bullfrog zombie (D:5)
  2 hounds
  A jelly (D:9)
  5 orc priests
  A gnoll shaman (D:6)
  10 orc wizards
  3 worker ants
  A hound zombie (D:4)
  A hound skeleton (D:6)
  A howler monkey zombie (D:7)
  2 worker ant zombies
  A howler monkey skeleton (D:6)
  3 gnolls (D:6)
  9 adders
  2 shadow imps (D:7)
  2 oozes (D:3)
  2 worms
  4 dart slugs
  5 leopard geckos
  28 orcs
  6 giant cockroaches
  12 hobgoblins
  8 jackals
  2 quokkas
  2 ball pythons
  8 bats
  2 frilled lizards
  A giant cockroach zombie (D:6)
  5 goblins
  6 kobolds
  A quokka skeleton (D:4)
  A quokka zombie (D:9)
  6 rats
184 creatures vanquished.

Vanquished Creatures (others)
  2 fungi (D:8)
  5 plants (D:8)
7 creatures vanquished.

Grand Total: 191 creatures vanquished

Notes
Turn   | Place    | Note
-------+----------+-------------------------------------------
     0 | D:1      | therodimus the Ogre Arcane Marksman began the quest for the Orb.
     0 | D:1      | Reached XP level 1. HP: 19/19 MP: 2/2
   507 | D:1      | Reached XP level 2. HP: 18/27 MP: 3/3
   910 | D:1      | Learned a level 2 spell: Slow
  1186 | D:2      | Reached XP level 3. HP: 27/35 MP: 5/5
  1290 | D:2      | Noticed Sigmund
  1327 | D:3      | Reached skill level 2 in Fighting
  1333 | D:3      | Reached skill level 1 in Maces & Flails
  2185 | D:3      | Reached XP level 4. HP: 21/44 MP: 1/6
  2456 | D:3      | Reached skill level 3 in Fighting
  2741 | D:3      | Reached XP level 5. HP: 53/53 MP: 7/7
  3201 | D:4      | Found a hazy altar of Hepliaklqana.
  3202 | D:4      | Found a glowing silver altar of Zin.
  3203 | D:4      | Found a sacrificial altar of Ru.
  3583 | D:4      | Reached XP level 6. HP: 48/62 MP: 9/9
  3729 | D:4      | Reached skill level 4 in Fighting
  4215 | D:4      | Found a sparkling altar of Nemelex Xobeh.
  4217 | D:4      | Found an ornate altar of the Wu Jian Council.
  4561 | D:5      | Entered Level 5 of the Dungeon
  4577 | D:5      | Found Durrea's Armour Shop.
  4943 | D:5      | Noticed an ice beast
  4964 | D:5      | Killed an ice beast
  4964 | D:5      | Reached skill level 5 in Fighting
  4964 | D:5      | Reached XP level 7. HP: 22/72 MP: 3/10
  5492 | D:5      | Reached skill level 6 in Fighting
  5688 | D:5      | Reached XP level 8. HP: 79/83 MP: 11/11
  5744 | D:5      | Got a faintly glowing hunting sling
  5986 | D:5      | HP: 2/84 [killer bee (3)]
  5991 | D:5      | HP: 2/84 [poisoned by a killer bee]
  5997 | D:5      | HP: 2/84 [poisoned by a killer bee]
  6363 | D:5      | Reached skill level 7 in Fighting
  7272 | D:2      | Killed Sigmund
  7272 | D:2      | Reached skill level 5 in Maces & Flails
  7292 | D:2      | Found a glowing golden altar of the Shining One.
  7729 | D:6      | Found Pyntoum's Distillery.
  8024 | D:6      | Bought a potion of berserk rage for 55 gold pieces
  8024 | D:6      | Bought a potion of lignification for 33 gold pieces
  8024 | D:6      | Bought a potion of mutation for 88 gold pieces
  8024 | D:6      | Bought a potion of heal wounds for 55 gold pieces
  8080 | D:6      | Reached skill level 8 in Fighting
  8100 | D:6      | HP: 4/88 [poisoned by a water moccasin]
  8106 | D:6      | HP: 4/88 [poisoned by a water moccasin]
  8114 | D:6      | HP: 4/88 [poisoned by a water moccasin]
  8603 | D:6      | Found Esteseos's Book Boutique.
  8631 | D:6      | Noticed HallandMoats's ghost (novice MiFi)
  8636 | D:6      | Found a transporter.
  8713 | D:6      | Found Gijo's Magic Scroll Emporium.
  8719 | D:6      | Reached XP level 9. HP: 73/97 MP: 12/12
  8980 | D:6      | Found Coropteudgh's Jewellery Shop.
  9061 | D:6      | Found a transporter.
  9346 | D:6      | Reached skill level 9 in Fighting
  9366 | D:6      | Found a stormy altar of Qazlal.
  9742 | D:7      | Identified the cursed +0 hunting sling "Pendulum" {speed, rF+ rC+} (You found it on level 5 of the Dungeon)
  9752 | D:7      | Found a staircase to the Ecumenical Temple.
  9770 | Temple   | Entered the Ecumenical Temple
  9903 | Temple   | Became a worshipper of Warmaster Okawaru
 10057 | D:7      | Found an ancient bone altar of Kikubaaqudgha.
 10060 | D:7      | Found a stormy altar of Qazlal.
 10063 | D:7      | Found a deep blue altar of Sif Muna.
 10925 | D:8      | Found a runed door.
 10926 | D:8      | Noticed Steeltoe's ghost (novice HOFi)
 11178 | D:8      | Found an opulent altar of Gozag.
 11191 | D:8      | Reached * piety under Okawaru
 11191 | D:8      | Reached skill level 10 in Fighting
 11789 | D:9      | Noticed a troll
 11794 | D:9      | Killed a troll
 11794 | D:9      | Reached skill level 5 in Dodging
 12006 | D:9      | Reached XP level 10. HP: 111/111 MP: 14/14
 12130 | D:9      | Reached ** piety under Okawaru
 12761 | D:9      | HP: 5/111 [poisoned by a killer bee]
 12762 | D:9      | Gained mutation: Your system is resistant to poisons. (rPois) [potion of mutation]
 12762 | D:9      | Gained mutation: Your spells are a little harder to cast, but a little more powerful. [potion of mutation]
 12766 | D:9      | HP: 5/166 [poisoned by a killer bee]
 12772 | D:9      | HP: 3/111 [poisoned by a killer bee]
 12777 | D:9      | HP: 2/111 [poisoned by a killer bee]
 12782 | D:9      | HP: 2/111 [poisoned by a killer bee]
 13066 | D:9      | HP: 5/111 [poisoned by a killer bee]
 13066 | D:9      | Slain by a killer bee

Skill      XL: |  1  2  3  4  5  6  7  8  9 |
---------------+----------------------------+-----
Dodging        | 2 3 5 |  5.2
Fighting       | 2 3 5 6 8 10 | 10.6
Maces & Flails | 1 2 3 4 5 7 |  7.6
Hexes          | 3 |  3.4
Throwing       | 3 4 |  4.6
Spellcasting   | 2 3 |  3.3

Action                   |  1- 3 |  4- 6 |  7- 9 | 10-12 || total
-------------------------+-------+-------+-------+-------++-------
Melee: Unarmed           |    19 |       |       |       ||    19
       Whip              |    77 |   160 |     8 |       ||   245
       Dagger            |    44 |       |       |       ||    44
       Great mace        |       |       |   277 |    32 ||   309
Throw: Large rock        |     6 |     7 |    30 |     5 ||    48
       Throwing net      |       |       |     3 |       ||     3
       Tomahawk          |       |       |    11 |     5 ||    16
 Cast: Slow              |     3 |     3 |     5 |       ||    11
       Corona            |     1 |     1 |     3 |     1 ||     6
  Use: Scroll            |     1 |     6 |    12 |     4 ||    23
       Potion            |     2 |     1 |     3 |    10 ||    16
 Stab: Sleeping          |       |     1 |     2 |     1 ||     4
  Eat: Chunk             |     4 |     6 |    19 |     1 ||    30
       Ration            |       |     1 |     1 |     2 ||     4
Armor: Robe              |    65 |    40 |    71 |    12 ||   188
       Skin              |       |       |       |    65 ||    65
Dodge: Dodged            |    91 |    83 |   184 |    55 ||   413
       Deflected         |     1 |     8 |     9 |       ||    18
